 Dungeon Crawl Stone Soup version 0.28-a0-845-gfc338a8e3c (webtiles) character file.

Game seed: 12818542878653289966

7226 Notrik the Fighter (level 11, -6/108 HPs)
             Began as a Ghoul Monk on Nov 13, 2021.
             Was a Follower of Ru.
             Mangled by a yak (13 damage)
             ... on level 11 of the Dungeon.
             The game lasted 00:23:56 (13847 turns).

Notrik the Fighter (Ghoul Monk)                    Turns: 13847, Time: 00:23:56

Health: -6/108     AC: 14    Str: 19    XL:     11   Next: 11%
Magic:  10/10      EV:  9    Int:  5    God:    Ru [*.....]
Gold:   403        SH:  3    Dex: 11    Spells: 10/10 levels left

rFire   . . .      SeeInvis .     - Unarmed
rCold   + . .      Faith    .   D - +0 buckler
rNeg    + + +      Spirit   .   y - +0 scale mail
rPois   ∞          Reflect  .   (no helmet)
rElec   .          Harm     .   f - +2 cloak
rCorr   .          Rampage  .   l - +0 pair of gloves
Will    .....                   (no boots)
Stlth   ..........              (no amulet)
HPRegen 0.00/turn               x - +4 ring of protection
MPRegen 0.12/turn               (no ring)

@: marked, inhibited regen, studying 5 skills
A: claws 1, cold resistance 1, negative energy resistance 3, inhibited
regeneration, torment resistance 2, no stealth, hated by all, no fire magic, no
hexes magic, no necromancy magic, unskilled 1
a: Renounce Religion


You were on level 11 of the Dungeon.
You worshipped Ru.
Ru was aware of your devotion.
You visited 1 branch of the dungeon, and saw 11 of its levels.
You also visited: Trove and Sewer.

You collected 403 gold pieces.

Inventory:

Missiles
 o - 6 silver javelins (quivered)
Armour
 f - a +2 cloak (worn)
 l - a +0 pair of gloves (worn)
 y - a +0 scale mail (worn)
 D - a +0 buckler (worn)
Jewellery
 x - a +4 ring of protection (left hand)
Wands
 g - a wand of polymorph (6)
 p - a wand of iceblast (30)
Scrolls
 a - 2 scrolls of holy word {unknown}
 c - a scroll of summoning {unknown}
 d - 8 scrolls of enchant weapon
 h - 8 scrolls of teleportation
 i - a scroll of noise {unknown}
 m - 3 scrolls of amnesia {unknown}
 n - 3 scrolls of fear {unknown}
 s - a scroll of magic mapping {unknown}
 w - 2 scrolls of vulnerability {unknown}
 A - a scroll of immolation {unknown}
 C - a scroll of torment {unknown}
 E - 2 scrolls of enchant armour {unknown}
 F - 4 scrolls of identify
Potions
 b - 3 potions of ambrosia
 e - 4 potions of heal wounds
 j - 3 potions of attraction
 k - a potion of resistance {unknown}
 q - 2 potions of magic {unknown}
 r - a potion of mutation {unknown}
 t - 2 potions of degeneration
 u - 3 potions of brilliance {unknown}
 v - 2 potions of lignification {unknown}
 z - 4 potions of curing
 B - 2 potions of might {unknown}


   Skills:
 * Level 13.8 Fighting
 - Level 2.5 Dodging
 + Level 10.5 Unarmed Combat


You had 10 spell levels left.
You didn't know any spells.
Your spell library contained the following spells:

 Spells                   Type           Power      Damage    Failure   Level
 Magic Dart               Conj           0%         1d3       96%         1
 Sandblast                Erth           0%         2d4       96%         1
 Shock                    Conj/Air       0%         1d3       96%         1
 Blink                    Tloc           0%         N/A       99%         2
 Passwall                 Tmut/Erth      0%         N/A       99%         2
 Poisonous Vapours        Pois/Air       0%         N/A       99%         2
 Static Discharge         Conj/Air       0%         N/A       99%         2
 Gell's Gravitas          Tloc           0%         N/A       100%        3
 Stone Arrow              Conj/Erth      0%         3d7       100%        3
 Hailstorm                Conj/Ice       0%         3d3       100%        4
 Iskenderun's Mystic Bla  Conj/Tloc      0%         2d3       100%        4
 Lee's Rapid Deconstruct  Erth           0%         3d5*      100%        5
 Manifold Assault         Tloc           0%         N/A       100%        5
 Eringya's Noxious Bog    Tmut/Pois      0%         N/A       100%        6
 Dispel Undead            Necr           Unusable   3d6       N/A         4
 Fulminant Prism          Conj/Hex       Unusable   3d6       N/A         4
 Ice Form                 Ice/Tmut       Unusable   N/A       N/A         4
 Sticky Flame             Conj/Fire      Unusable   2d3       N/A         4
 Simulacrum               Ice/Necr       Unusable   N/A       N/A         6

Dungeon Overview and Level Annotations

Branches:
Dungeon (11/15)            Temple (0/1) D:4            Lair (0/6) D:9
  Sewer (visited)
    Orc: D:9-12

Altars:
Hepliaklqana
Kikubaaqudgha
Nemelex Xobeh
Ru
Trog
Uskayaw
Vehumet
Xom

Shops:
D:1 !   D:6 *   D:9 (


Innate Abilities, Weirdness & Mutations

You thrive by killing the living.
You are immune to poison.
You have sharp fingernails.
Your flesh is cold resistant. (rC+)
You are immune to negative energy. (rN+++)
You do not regenerate when monsters are visible.
You are immune to unholy pain and torment.
You cannot be stealthy.
You are hated by all.
You cannot study or cast Fire magic.
You cannot study or cast Hexes magic.
You cannot study or cast Necromancy magic.
You are somewhat unskilled. (-1 Apt)


Message History

You punch the yak!
The yak is almost dead.
Something hits you. x2
A yak comes into view.
Something hits you. The yak barely misses you.
You punch the yak!
You kill the yak!
Something hits you but does no damage. x2
A yak comes into view.
You hit the yak but do no damage.
Something hits you. x2; The yak gores you!
Something hits you! Something hits you but does no damage. Something hits you.
Something hits you but does no damage.
You closely miss something. Something hits you but does no damage.
Something hits you. The yak gores you but does no damage.
Something hits you but does no damage.
You closely miss something. Something hits you but does no damage.
Something hits you.
* * * LOW HITPOINT WARNING * * *
The yak gores you but does no damage.
You punch something!
Something hits you but does no damage. x2
The yak barely misses you. Something hits you but does no damage.
You hit something. Something hits you.
* * * LOW HITPOINT WARNING * * *
Something hits you but does no damage. The yak gores you!
* * * LOW HITPOINT WARNING * * *
You hit something but do no damage. Something completely misses you.
Something hits you but does no damage.
An acid dragon comes into view.
Something hits you.
* * * LOW HITPOINT WARNING * * *
The yak gores you.
* * * LOW HITPOINT WARNING * * *
Unknown command.
You punch something! Something hits you.
* * * LOW HITPOINT WARNING * * *
Something hits you but does no damage. x2
You closely miss something. Something hits you but does no damage.
You block something's attack. The yak gores you!
You die...

#..........#
#..>.......#
#..........#
#..........#
#..........+
#......<...#
#....<.....#
#####{######
#@YY#
###YYD# ##.#
.. .# #


You could see 4 yaks and an acid dragon.

Vanquished Creatures
  A two-headed ogre (D:10)
  2 centaur zombies
  A kobold demonologist (D:10)
  A troll (D:10)
  A shadow (D:10)
  2 wraiths
  6 yaks
  A steam dragon (D:8)
  2 water moccasins
  A hornet zombie (D:7)
  2 ice beasts (D:6)
  4 black bears (D:9)
  3 orc warriors
  2 sky beasts
  5 centaurs
  A phantom (D:6)
  5 kobold brigands
  8 bullfrogs
  A wyvern zombie (D:6)
  2 water moccasin skeletons
  8 killer bees
  2 electric eels (D:7)
  3 wights (D:8)
  A howler monkey (D:8)
  A jelly (D:5)
  9 orc priests
  A bullfrog zombie (D:6)
  2 centaur skeletons
  3 gnoll shamans
  A bullfrog skeleton (D:5)
  2 iguanas
  7 orc wizards
  Robin (D:3)
  A hound skeleton (D:4)
  3 howler monkey zombies (D:9)
  10 adders
  7 gnolls
  2 river rats (Sewer)
  2 howler monkey skeletons (D:7)
  2 shadow imps
  A white imp (D:6)
  An ufetubus (D:5)
  An adder skeleton (D:4)
  6 worms
  2 dart slugs (D:1)
  19 orcs
  11 ball pythons
  8 bats
  12 endoplasms
  4 giant cockroaches
  17 goblins
  9 hobgoblins
  22 kobolds
  5 quokkas
  4 frilled lizards
  9 rats
250 creatures vanquished.

Vanquished Creatures (others)
  A yak (D:10)
  A killer bee (D:8)
  Jessica (D:2)
  An orc wizard (D:8)
  A gnoll (D:5)
  2 orcs
  3 kobolds
  54 fungi
  45 plants
109 creatures vanquished.

Grand Total: 359 creatures vanquished

Notes
Turn   | Place    | Note
-------+----------+-------------------------------------------
     0 | D:1      | Notrik the Ghoul Monk began the quest for the Orb.
     0 | D:1      | Reached XP level 1. HP: 19/19 MP: 0/0
   209 | D:1      | Reached XP level 2. HP: 20/26 MP: 1/1
   358 | D:1      | Found Winaps's Distillery.
   456 | D:1      | Reached XP level 3. HP: 30/33 MP: 2/2
   646 | D:1      | Found a faded altar of an unknown god.
   664 | D:1      | Reached skill level 4 in Fighting
   813 | D:1      | Prayed at the altar of an unknown god.
   813 | D:1      | Became a worshipper of Ru the Awakened
   840 | D:2      | Gained mutation: You cannot study or cast Fire magic. [Ru
                  | sacrifice]
   840 | D:2      | Gained mutation: You cannot study or cast Hexes magic. [Ru
                  | sacrifice]
   840 | D:2      | Gained mutation: You cannot study or cast Necromancy magic.
                  | [Ru sacrifice]
   840 | D:2      | Reached * piety under Ru
   867 | D:2      | Noticed Jessica
   878 | D:2      | Killed Jessica
   994 | D:2      | Reached XP level 4. HP: 41/41 MP: 3/3
  1158 | D:2      | Found a shimmering altar of Xom.
  1812 | D:3      | Reached skill level 5 in Fighting
  1847 | D:3      | Identified the +1 helmet of Crawling {Contam +Blink Dex+6
                  | Slay+6}
  1847 | D:3      | Noticed Robin
  1856 | D:3      | Reached XP level 5. HP: 40/48 MP: 4/4
  1873 | D:3      | Killed Robin
  2034 | D:3      | Found a sacrificial altar of Ru.
  2035 | D:3      | Found an ancient bone altar of Kikubaaqudgha.
  2293 | D:3      | Found a glowing drain.
  2302 | Sewer    | Entered a sewer
  2909 | Sewer    | Noticed a kobold brigand
  2932 | Sewer    | Killed a kobold brigand
  2933 | Sewer    | Reached skill level 6 in Fighting
  2933 | Sewer    | Reached skill level 5 in Unarmed Combat
  2933 | Sewer    | Reached XP level 6. HP: 57/57 MP: 5/5
  3586 | D:3      | Gained mutation: You are hated by all. [Ru sacrifice]
  3586 | D:3      | Reached ** piety under Ru
  3717 | D:4      | Found a staircase to the Ecumenical Temple.
  3840 | D:4      | Reached XP level 7. HP: 61/64 MP: 6/6
  3908 | D:4      | Reached skill level 7 in Fighting
  4603 | D:5      | Entered Level 5 of the Dungeon
  5137 | D:5      | Reached skill level 8 in Fighting
  6063 | D:6      | Reached XP level 8. HP: 68/75 MP: 7/7
  6369 | D:6      | Reached skill level 9 in Fighting
  6640 | D:6      | Found Jiqiep's Assorted Antiques.
  6641 | D:6      | Noticed a wraith
  6774 | D:6      | Killed a wraith
  7002 | D:6      | Found a bloodstained altar of Trog.
  7111 | D:6      | Gained mutation: You are somewhat unskilled. (-1 Apt) [Ru
                  | sacrifice]
  7111 | D:6      | Reached *** piety under Ru
  7111 | D:6      | Reached **** piety under Ru
  7363 | D:6      | You fall into a shaft and drop 1 floor!
  8250 | D:7      | Reached XP level 9. HP: 83/84 MP: 8/8
  8275 | D:7      | Found a radiant altar of Vehumet.
  8516 | D:7      | Reached skill level 10 in Fighting
  8863 | D:7      | Found a hide-covered altar of Uskayaw.
 10063 | D:8      | Reached skill level 11 in Fighting
 10555 | D:9      | Found Sezemp's Antique Weapon Shop.
 10559 | D:9      | Reached XP level 10. HP: 96/96 MP: 9/9
 10779 | D:9      | Reached skill level 12 in Fighting
 11262 | D:9      | Found a staircase to the Lair.
 12085 | D:10     | Entered Level 10 of the Dungeon
 12224 | D:10     | Noticed a kobold demonologist
 12234 | D:10     | Killed a kobold demonologist
 12235 | D:10     | Reached skill level 13 in Fighting
 12291 | D:10     | Noticed a two-headed ogre
 12939 | D:10     | Killed a two-headed ogre
 13171 | D:10     | Found a sparkling altar of Nemelex Xobeh.
 13208 | D:10     | Found a portal to a secret trove of treasure.
 13213 | Trove    | Entered a treasure trove
 13214 | Trove    | Gained mutation: You cannot be stealthy. [Ru sacrifice]
 13225 | Trove    | Got Sif Muna's Compendium of Excruciating Toxins
 13276 | Trove    | Got Fuplysog's Volume of Cankerous Translocation
 13324 | D:10     | Reached skill level 10 in Unarmed Combat
 13428 | D:10     | Reached XP level 11. HP: 83/107 MP: 10/10
 13847 | D:11     | Mangled by a yak

Illustrated notes

Levels and vault maps discovered:
D:1:      evilmike_arrival_crescent, layout_rooms,
          dreamdust_ecumenical_altar_grove, serial_shops, nicolae_diamond_shop,
          palyth_stone_intersect
D:2:      layout_basic, basic_altar, minivault_11, minmay_small_reverse_x,
          uniq_jessica
D:3:      layout_rooms, mainiacjoe_overflow_divided_tiny,
          cheibrodos_sewer_entry_drain, minmay_misc_feat_rugged, nrook_uturn,
          uniq_robin
D:4:      layout_loops_ring, nicolae_hepliaklqana_hippocampus,
          minmay_temple_entry_steel_oval
D:5:      layout_basic, serial_bayou_lake_a
D:6:      layout_loops_corners, old_standard_altar, kennysheep_windowed_goal
D:7:      layout_loops_ring, nicolae_uskayaw_dance_hall,
          mainiacjoe_overflow_paths, wad_floor_pattern_1, serial_bayou_lagoon_a,
          amcnicky_mini_rare_corridor_liquid
D:8:      layout_loops_ring, solitary_fountain
D:9:      layout_rooms, due_lair_maze_entry_diamond, serial_shops,
          nicolae_shop_waterfront
D:10:     layout_loops_ring, nemelex_spade_bored_becter, enter_trove_3,
          minmay_unpleasant_kobolds
D:11:     layout_roguey, nicolae_tso_swordbearing_angel, uniq_harold,
          uniq_psyche

Skill      XL: |  1  2  3  4  5  6  7  8  9 10 |
---------------+-------------------------------+-----
Fighting       | 4 5 6 8 9 11 13 | 13.8
Unarmed Combat | 4 5 6 7 8 10 | 10.5
Stealth        | 0 |  0.0
Dodging        | |  2.5

Action                   |  1- 3 |  4- 6 |  7- 9 | 10-12 || total
-------------------------+-------+-------+-------+-------++-------
Melee: Unarmed           |    90 |   491 |   479 |   297 ||  1357
       Punch             |       |     9 |    18 |    11 ||    38
Invok: Sacrifice Arcana  |     1 |       |       |       ||     1
       Sacrifice Love    |       |     1 |       |       ||     1
       Sacrifice Skill   |       |       |     1 |       ||     1
       Sacrifice Stealth |       |       |       |     1 ||     1
  Use: Scroll            |       |       |     7 |       ||     7
 Stab: Sleeping          |     1 |     2 |     1 |       ||     4
       Distracted        |       |     2 |     2 |     1 ||     5
       Invisible         |       |       |     2 |     6 ||     8
Armor: Robe              |    13 |   154 |       |       ||   167
       Ring mail         |       |    22 |     6 |       ||    28
       Scale mail        |       |       |   204 |   174 ||   378
Dodge: Dodged            |    57 |   305 |   215 |   172 ||   749
Block: Buckler           |       |       |       |    15 ||    15

Table legend: (Time is in decaauts)
 A = Elapsed time spent in this place.
 B = Non-inter-level travel time spent in this place.
 C = Inter-level travel time spent in this place.
 D = Time resting spent in this place.
 E = Time spent auto-exploring this place.
 F = Levels seen in this place.
 G = Mean time per level.
                   A        B        C        D        E       F      G
               +--------+--------+--------+--------+--------+-----+--------+
         Total |  13921 |  13501 |    420 |   2850 |   7993 |  13 | 1070.8 |
       Dungeon |  12470 |  12050 |    420 |   2646 |   7124 |  11 | 1133.6 |
         Trove |     90 |     90 |      0 |      0 |     62 |   1 |   90.0 |
         Sewer |   1360 |   1360 |      0 |    204 |    807 |   1 | 1360.0 |
               +--------+--------+--------+--------+--------+-----+--------+

Top non-repeatable levels by time:
     D:6: 1743 daAuts
     D:9: 1650 daAuts
     D:5: 1528 daAuts
     D:7: 1482 daAuts
     D:8: 1388 daAuts
   Sewer: 1360 daAuts
    D:10: 1311 daAuts
     D:2: 950 daAuts
     D:4: 881 daAuts
     D:1: 821 daAuts
     D:3: 691 daAuts
   Trove: 90 daAuts
    D:11: 21 daAuts
